[Event "Titled Tuesday Blitz February 15 Early 2022"]
[White "Garagulya, Konstantin"]
[Black "Gaehwiler, Gabriel"]
[WhiteFideId "4128931"]
[BlackFideId "1314530"]
[WhiteElo "2329"]
[BlackElo "2383"]
[Result "0-1"]
[Round "10"]
[TimeControl "180+1"]
[Date "2022.02.15"]
[WhiteClock "0:00:03"]
[BlackClock "0:00:05"]

1. d4 Nf6 2. Nf3 g6 3. Nc3 d5 4. Bf4 c6 5. e3 Bg4 6. h3 Bxf3 7. Qxf3 Nbd7 8. g4 Bg7 9. Qg3 Qa5 10. O-O-O b5 11. a3 b4 12. axb4 Qxb4 13. Bd3 O-O 14. h4 Rfb8 15. Bxb8 Rxb8 16. h5 e5 17. dxe5 Nxg4 18. f4 Ngxe5 19. fxe5 Bxe5 20. Qh3 Qxb2+ 21. Kd2 Qxc3+ 22. Ke2 Nf8 23. hxg6 hxg6 24. Rdg1 Bg7 25. Rg4 Re8 26. Rg3 a5 27. Rb1 a4 28. Rb7 a3 29. Qf1 Qf6 30. Rf3 Qe6 31. Rbxf7 a2 32. Rxg7+ Kxg7 33. Qa1+ Qe5 34. Qxa2 Re7 35. Qa4 Ne6 36. Kd2 Qh2+ 37. Kc3 Qe5+ 38. Kd2 d4 39. exd4 Nxd4 40. Rh3 Qe1# 0-1


[Site "https://www.chess.com"]

[Event "Titled Tuesday Blitz February 15 Early 2022"]
[White "Gelman, Alexander"]
[Black "Ratnakaran, K."]
[WhiteFideId "4118316"]
[BlackFideId "5005507"]
[WhiteElo "2375"]
[BlackElo "2391"]
[Result "0-1"]
[Round "10"]
[TimeControl "180+1"]
[Date "2022.02.15"]
[WhiteClock "0:00:04"]
[BlackClock "0:01:36"]

1. d4 Nf6 2. Nc3 c5 3. d5 d6 4. e4 a6 5. a4 g6 6. f4 Bg7 7. Nf3 O-O 8. e5 dxe5 9. fxe5 Ng4 10. Bf4 Nd7 11. Qe2 Nb6 12. O-O-O c4 13. h3 Nh6 14. g4 Kh8 15. Qe3 Ng8 16. Kb1 Bd7 17. a5 Na4 18. Nxa4 Bxa4 19. h4 Qxa5 20. h5 c3 21. Ng5 Nh6 22. Ne4 Nxg4 23. Qg3 Rfc8 24. Nxc3 Rxc3 25. bxc3 Rc8 26. hxg6 Rxc3 27. Rxh7+ Kg8 28. gxf7+ Kf8 29. Bd3 Bxc2+ 30. Bxc2 Qb4+ 31. Kc1 Qa3+ 32. Kd2 Rxg3 33. Bxg3 Qxg3 34. Rdh1 Qe3+ 35. Kd1 Nf2# 0-1


[Site "https://www.chess.com"]

[Event "Titled Tuesday Blitz February 15 Early 2022"]
[White "Glidzhain, Gor"]
[Black "Orlov, Georgi"]
[WhiteFideId "24109932"]
[BlackFideId "2011271"]
[WhiteElo "2229"]
[BlackElo "2522"]
[Result "0-1"]
[Round "10"]
[TimeControl "180+1"]
[Date "2022.02.15"]
[WhiteClock "0:00:16"]
[BlackClock "0:00:18"]

1. e4 e6 2. d4 d5 3. Nc3 Bb4 4. exd5 exd5 5. Bd3 Nc6 6. Nf3 Bg4 7. h3 Bh5 8. O-O Nge7 9. Re1 Nxd4 10. g4 Nxf3+ 11. Qxf3 Bg6 12. Bg5 f6 13. Bxf6 gxf6 14. Qxf6 Rg8 15. Re5 Bxc3 16. bxc3 Bxd3 17. cxd3 Rf8 18. Qh4 Qd6 19. Rae1 Rf7 20. Re6 Qa3 21. Qh5 Kf8 22. R1e5 Rd8 23. Qh6+ Ke8 24. Qg5 Kd7 25. c4 Rdf8 26. cxd5 Ng6 27. Rf5 Qxd3 28. Re3 Qd1+ 29. Kg2 Rxf5 30. gxf5 Qxd5+ 31. Kh2 Qxf5 32. Qg3 Qf4 33. Rd3+ Kc6 34. Rc3+ Kb5 35. Rb3+ Ka4 36. Ra3+ Kb4 37. Rb3+ Kc5 38. Rc3+ Kd6 39. Rd3+ Kc6 40. Rc3+ Kd7 41. Rd3+ Kc8 42. Kg2 Qxg3+ 43. fxg3 Ne5 44. Re3 Nc6 45. h4 Rd8 46. g4 b5 47. a3 Rd6 48. g5 h6 49. Kg3 hxg5 50. hxg5 Nd4 51. Kf4 Ne6+ 52. Kf5 Nxg5 53. Kxg5 Kb7 54. Kf5 Kb6 55. Ke5 a5 56. Rc3 b4 57. Rh3 Rc6 58. Kd5 Rc5+ 59. Kd4 Kb5 60. axb4 axb4 61. Rh8 Rc4+ 62. Kd3 Rc3+ 63. Kd2 c5 64. Rb8+ Kc4 65. Rh8 Kb3 66. Rh1 Rc2+ 67. Kd3 c4+ 68. Kd4 Rd2+ 0-1


[Site "https://www.chess.com"]

[Event "Titled Tuesday Blitz February 15 Early 2022"]
[White "Goldin, Roman"]
[Black "Soderstrom, Adrian"]
[WhiteFideId "2803860"]
[BlackFideId "1745786"]
[WhiteElo "2312"]
[BlackElo "2107"]
[Result "1-0"]
[Round "10"]
[TimeControl "180+1"]
[Date "2022.02.15"]
[WhiteClock "0:01:11"]
[BlackClock "0:00:07"]

1. e4 e5 2. Nf3 Nc6 3. d4 exd4 4. c3 Nf6 5. e5 Nd5 6. cxd4 Bb4+ 7. Bd2 O-O 8. Nc3 Nxc3 9. bxc3 Be7 10. Bd3 d6 11. exd6 Qxd6 12. O-O Bg4 13. Re1 Rfe8 14. Be4 Bf6 15. Qc2 g6 16. h3 Bd7 17. Be3 Na5 18. Bd3 Bc6 19. Nd2 Qd5 20. Bf1 b5 21. a4 a6 22. Reb1 Nc4 23. Nxc4 bxc4 24. Rb4 Rxe3 25. fxe3 Re8 26. Rxc4 Rxe3 27. Qf2 Bg5 28. Rc5 Qd8 29. Rxc6 Re4 30. Re1 Bh4 31. g3 Rxe1 32. Qxe1 Bf6 33. Qe4 Kg7 34. Rxa6 h5 35. h4 Be7 36. Bd3 Bd6 37. Kg2 Qf6 38. c4 Qd8 39. c5 Be7 40. Rxg6+ fxg6 41. Qxg6+ Kf8 42. Bc4 Qe8 43. Qg8# 1-0


[Site "https://www.chess.com"]

[Event "Titled Tuesday Blitz February 15 Early 2022"]
[White "Golizadeh, Asghar"]
[Black "Pinheiro, Iung Alicio de O."]
[WhiteFideId "12505269"]
[BlackFideId "2104350"]
[WhiteElo "2403"]
[BlackElo "2632"]
[Result "0-1"]
[Round "10"]
[TimeControl "180+1"]
[Date "2022.02.15"]
[WhiteClock "0:00:13"]
[BlackClock "0:00:38"]

1. e4 c5 2. Nf3 d6 3. Bb5+ Nc6 4. O-O Bd7 5. Re1 a6 6. Bf1 Bg4 7. c3 e6 8. h3 Bh5 9. g4 Bg6 10. d4 Nf6 11. d5 Ne5 12. dxe6 fxe6 13. Nxe5 dxe5 14. Qb3 Qd7 15. Bg2 Bd6 16. Nd2 b5 17. Nf1 c4 18. Qc2 Qc6 19. Ng3 h5 20. g5 Nd7 21. h4 Nc5 22. Be3 Nd3 23. Red1 O-O 24. Qe2 Bc5 25. Rxd3 cxd3 26. Qxd3 Rad8 27. Qe2 Bxe3 28. Qxe3 Qd6 29. Rf1 Rf4 30. Bf3 Rxh4 31. Rd1 Qe7 32. Rxd8+ Qxd8 33. Qa7 Rf4 34. Be2 Qxg5 35. Kf1 h4 36. Nh1 Bxe4 37. Qb8+ Kh7 0-1


[Site "https://www.chess.com"]

[Event "Titled Tuesday Blitz February 15 Early 2022"]
[White "Golsta, Madara"]
[Black "Politov, Pavel Y."]
[WhiteFideId "11607386"]
[BlackFideId "24110515"]
[WhiteElo "1997"]
[BlackElo "2090"]
[Result "0-1"]
[Round "10"]
[TimeControl "180+1"]
[Date "2022.02.15"]
[WhiteClock "0:00:01"]
[BlackClock "0:00:04"]

1. e4 c5 2. Nf3 d6 3. d4 cxd4 4. Nxd4 Nf6 5. Nc3 a6 6. Bd3 e5 7. Nde2 Be7 8. O-O O-O 9. Ng3 b5 10. a3 Re8 11. Bg5 Nbd7 12. Qd2 h6 13. Be3 Ng4 14. Nf5 Nxe3 15. Qxe3 Bg5 16. Qg3 Nc5 17. h4 Bxf5 18. hxg5 Bg6 19. gxh6 gxh6 20. Nd5 Kh7 21. Rad1 Nxe4 22. Qf3 Ng5 23. Qg4 Rg8 24. Bf5 Kh8 25. Kh1 Bxf5 26. Qxf5 Rg6 27. f4 exf4 28. Nxf4 Rf6 29. Qg4 Qc8 30. Qh5 Qxc2 31. Rde1 Qf5 32. Re7 Rg8 33. Kg1 Qxf4 0-1


[Site "https://www.chess.com"]

[Event "Titled Tuesday Blitz February 15 Early 2022"]
[White "Gontcharov, Vladislav"]
[Black "Gubanov, Oleg"]
[WhiteFideId "4123492"]
[BlackFideId "14115115"]
[WhiteElo "2503"]
[BlackElo "2080"]
[Result "1-0"]
[Round "10"]
[TimeControl "180+1"]
[Date "2022.02.15"]
[WhiteClock "0:00:17"]
[BlackClock "0:00:04"]

1. e4 Nf6 2. e5 Nd5 3. c4 Nb6 4. d4 d6 5. f4 dxe5 6. fxe5 Bf5 7. Be3 e6 8. Nc3 Bb4 9. Nf3 c5 10. a3 Bxc3+ 11. bxc3 Nc6 12. Be2 O-O 13. O-O Rc8 14. Ng5 Bg6 15. Nh3 Na5 16. dxc5 Nd7 17. Nf4 Nxe5 18. Nxg6 hxg6 19. Rf4 Qxd1+ 20. Rxd1 Rc7 21. Re4 f6 22. Bf4 Rxc5 23. Bxe5 fxe5 24. Rd7 a6 25. Bg4 Rf4 26. Bxe6+ Kh7 27. Re3 g5 28. Bd5 Nxc4 29. Rh3+ Rh4 30. Be4+ Kh6 31. Rxh4+ gxh4 32. Bxb7 Nb6 33. Rd6+ g6 34. Rxb6 Rxc3 35. Rxa6 Re3 36. Kf2 Rb3 37. Be4 1-0


[Site "https://www.chess.com"]

[Event "Titled Tuesday Blitz February 15 Early 2022"]
[White "Gracia Alvarez, Gerardo Antonio"]
[Black "Viskelis, Darius"]
[WhiteFideId "5109124"]
[BlackFideId "12800830"]
[WhiteElo "2139"]
[BlackElo "1999"]
[Result "1-0"]
[Round "10"]
[TimeControl "180+1"]
[Date "2022.02.15"]
[WhiteClock "0:00:28"]
[BlackClock "0:00:14"]

1. e4 e5 2. Nc3 Bc5 3. f4 d6 4. Nf3 Nc6 5. Bc4 Nf6 6. d3 O-O 7. f5 Na5 8. Bg5 h6 9. Bh4 Nxc4 10. dxc4 c6 11. Qd2 a5 12. O-O-O Bd7 13. g4 Bb4 14. Rde1 b5 15. Rhg1 bxc4 16. g5 Bxc3 17. bxc3 Nxe4 18. Rxe4 Bxf5 19. gxh6 Qb6 20. Rxg7+ Kh8 21. Qg5 Bxe4 22. Rh7+ Bxh7 23. Qg7# 1-0


[Site "https://www.chess.com"]

[Event "Titled Tuesday Blitz February 15 Early 2022"]
[White "Grischuk, Alexander"]
[Black "Moroni, Luca Jr"]
[WhiteFideId "4126025"]
[BlackFideId "865834"]
[WhiteElo "2762"]
[BlackElo "2573"]
[Result "0-1"]
[Round "10"]
[TimeControl "180+1"]
[Date "2022.02.15"]
[WhiteClock "0:00:02"]
[BlackClock "0:00:05"]

1. e4 d6 2. d4 e5 3. dxe5 dxe5 4. Qxd8+ Kxd8 5. Bc4 f6 6. a4 c6 7. a5 Kc7 8. Ne2 Bc5 9. c3 a6 10. Nd2 Nh6 11. Nb3 Ba7 12. Bxh6 gxh6 13. Ng3 Nd7 14. Rd1 Nc5 15. Nxc5 Bxc5 16. Rd3 Rd8 17. Rxd8 Kxd8 18. Ke2 Ke7 19. h3 Bd6 20. Rd1 Bc7 21. b4 b6 22. axb6 Bxb6 23. Nf5+ Bxf5 24. exf5 a5 25. bxa5 Bxa5 26. Rd3 Rb8 27. Be6 Rb7 28. h4 e4 29. Rg3 Rb2+ 30. Ke3 Bxc3 31. Kxe4 Be5 32. Rg7+ Kf8 33. Rg8+ Ke7 34. Ke3 c5 35. f4 Bd4+ 36. Ke4 Kd6 37. Rg7 Re2+ 38. Kd3 Re3+ 39. Kc4 Re1 40. Rxh7 Rc1+ 41. Kb5 Rb1+ 42. Kc4 Rc1+ 43. Kb5 Rb1+ 44. Ka6 c4 45. Bxc4 Kc6 46. Ka5 Bc3+ 47. Ka4 Rb4+ 48. Ka3 Rxc4 49. Kb3 Rc5 50. g4 Kd5 51. Rxh6 Bd4 52. Rh8 Rb5+ 53. Kc2 Rb2+ 54. Kd3 Rb3+ 55. Kc2 Rc3+ 56. Kd2 Rg3 57. g5 fxg5 58. Rd8+ Ke4 59. fxg5 Rg2+ 60. Kc1 Kd3 61. Kb1 Rb2+ 62. Kc1 Ra2 63. Rb8 Rc2+ 64. Kb1 Rh2 65. f6 Rh1+ 66. Ka2 Ra1+ 67. Kb3 Rb1+ 68. Ka2 Rxb8 69. f7 Rf8 70. g6 Bg7 0-1


[Site "https://www.chess.com"]

[Event "Titled Tuesday Blitz February 15 Early 2022"]
[White "Gulatz, Maurice"]
[Black "Mejia, Cherry Ann"]
[WhiteFideId "24642746"]
[BlackFideId "5206880"]
[WhiteElo "2150"]
[BlackElo "2007"]
[Result "1-0"]
[Round "10"]
[TimeControl "180+1"]
[Date "2022.02.15"]
[WhiteClock "0:01:15"]
[BlackClock "0:01:50"]

1. d4 d5 2. c4 dxc4 3. Nf3 Nf6 4. e3 e6 5. Bxc4 a6 6. O-O c5 7. Be2 b5 8. a4 b4 9. Nbd2 Nbd7 10. Nc4 Bb7 11. a5 Be7 12. b3 O-O 13. Bb2 Rc8 14. Qc2 cxd4 15. Nxd4 Ne5 16. Rfd1 Qc7 17. Qd2 Rfd8 18. Qe1 Nxc4 19. Bxc4 Ng4 20. f4 e5 21. Nf5 Bc5 22. Qg3 exf4 23. Qxg4 1-0


[Site "https://www.chess.com"]

[Event "Titled Tuesday Blitz February 15 Early 2022"]
[White "Guliyev, Namig"]
[Black "Gabdrakhmanov, Azat"]
[WhiteFideId "13400363"]
[BlackFideId "34189197"]
[WhiteElo "2487"]
[BlackElo "2279"]
[Result "1-0"]
[Round "10"]
[TimeControl "180+1"]
[Date "2022.02.15"]
[WhiteClock "0:01:14"]
[BlackClock "0:00:20"]

1. e4 c5 2. Nf3 e6 3. d4 cxd4 4. Nxd4 a6 5. Bd3 Nf6 6. O-O d6 7. Qe2 Be7 8. c4 Nbd7 9. Nc3 Qc7 10. b3 b6 11. Bb2 Bb7 12. Rae1 O-O 13. f4 e5 14. Nf5 Rfe8 15. Nd5 Bxd5 16. exd5 Bf8 17. g4 g6 18. g5 Nh5 19. fxe5 Nxe5 20. Bb1 b5 21. cxb5 axb5 22. Nd4 Bg7 23. Nxb5 Qd8 24. Qg2 Qb6+ 25. Nd4 Nd3 26. Rxe8+ Rxe8 27. Bxd3 Bxd4+ 28. Kh1 Bxb2 29. Qxb2 Qc5 30. Bc4 Qe3 31. Qf2 Qe4+ 32. Qf3 Qe7 33. a4 Ng7 34. a5 Nf5 35. Qf4 Qa7 36. a6 Re3 37. Qf2 Re8 38. Qxa7 Re7 39. Qxe7 1-0


[Site "https://www.chess.com"]

[Event "Titled Tuesday Blitz February 15 Early 2022"]
[White "Gunina, Valentina"]
[Black "Sjugirov, Sanan"]
[WhiteFideId "4167570"]
[BlackFideId "4189302"]
[WhiteElo "2465"]
[BlackElo "2602"]
[Result "0-1"]
[Round "10"]
[TimeControl "180+1"]
[Date "2022.02.15"]
[WhiteClock "0:00:07"]
[BlackClock "0:00:04"]

1. d4 Nf6 2. c4 e6 3. Nf3 b6 4. g3 Ba6 5. b3 Bb4+ 6. Bd2 Be7 7. Nc3 d5 8. cxd5 exd5 9. Bg2 O-O 10. O-O Re8 11. Rc1 Bb7 12. Rc2 c6 13. Ne5 Nbd7 14. e4 Nf8 15. exd5 cxd5 16. Nb5 Ne6 17. Bh3 Ba6 18. Nxf7 Kxf7 19. Bxe6+ Kxe6 20. Nc7+ Kf7 21. Nxa6 Bd6 22. Nb4 Qd7 23. Kg2 Re4 24. Nc6 Rc8 25. Qc1 Ree8 26. Bb4 Bxb4 27. Nxb4 Rxc2 28. Qxc2 Rc8 29. Qe2 Qe7 30. Qxe7+ Kxe7 31. Re1+ Kd6 32. Re2 Rc1 33. Nc2 g6 34. Ne1 Rd1 35. Nf3 Ne4 36. Rc2 a5 37. h4 h6 38. Ne5 Rxd4 39. Nxg6 Rd1 40. Nf4 d4 41. Re2 Nc3 42. Re6+ Kc5 43. Rxh6 d3 44. Rh5+ Kc6 45. Rh6+ Kc5 46. Rh5+ Kb4 47. Nd5+ Nxd5 48. Rxd5 Kc3 49. h5 Re1 50. h6 Re6 51. h7 Rh6 52. Rd7 d2 53. g4 Rxh7 54. Rd6 Rh4 55. Kg3 Rh1 56. Kf4 d1=Q 57. Rxd1 Rxd1 58. Kf5 Kd4 59. f4 Kd5 60. g5 Kd6 61. Kf6 Kd7 62. f5 Rd6+ 63. Kf7 Rd5 64. Kg6 Ke7 65. f6+ Kf8 66. a4 Rc5 67. Kh6 Kf7 68. Kh5 Rd5 69. Kh6 Rd2 70. Kh5 Rh2+ 0-1


[Site "https://www.chess.com"]

[Event "Titled Tuesday Blitz February 15 Early 2022"]
[White "Guseva, Marina"]
[Black "Dew, Brian"]
[WhiteFideId "4149351"]
[BlackFideId "6000495"]
[WhiteElo "2232"]
[BlackElo "2118"]
[Result "1-0"]
[Round "10"]
[TimeControl "180+1"]
[Date "2022.02.15"]
[WhiteClock "0:00:12"]
[BlackClock "0:00:05"]

1. d4 Nf6 2. Nf3 g6 3. g3 Bg7 4. Bg2 d6 5. O-O O-O 6. c4 Nc6 7. Nc3 a6 8. e3 Rb8 9. Qe2 e5 10. dxe5 dxe5 11. Rd1 Qe8 12. Nd5 Nxd5 13. cxd5 Ne7 14. e4 Bg4 15. h3 Bxf3 16. Qxf3 Nc8 17. b3 Nd6 18. Ba3 Bh6 19. Bb2 f6 20. a4 Rd8 21. Qc3 Rc8 22. b4 c6 23. Qb3 Qf7 24. Bc1 Bxc1 25. Raxc1 cxd5 26. Rxc8 Rxc8 27. Rxd5 Rc1+ 28. Kh2 Rc6 29. f4 Ne8 30. fxe5 fxe5 31. Qb2 Rc4 32. Qxe5 Rxb4 33. Rd8 Kf8 34. Qh8+ Ke7 35. Rb8 Rb6 36. Qd4 Re6 37. Rxb7+ 1-0


[Site "https://www.chess.com"]

[Event "Titled Tuesday Blitz February 15 Early 2022"]
[White "Hakemi, Arman"]
[Black "Kopylov, Alexander A."]
[WhiteFideId "22520805"]
[BlackFideId "4164857"]
[WhiteElo "2208"]
[BlackElo "2436"]
[Result "0-1"]
[Round "10"]
[TimeControl "180+1"]
[Date "2022.02.15"]
[WhiteClock "0:00:17"]
[BlackClock "0:00:37"]

1. e4 c6 2. d4 d5 3. e5 Bf5 4. Nf3 e6 5. Be2 Ne7 6. O-O Bg6 7. c3 Nf5 8. Nbd2 Be7 9. a4 O-O 10. a5 Nd7 11. b4 Qc7 12. Ne1 f6 13. exf6 Bxf6 14. Nd3 e5 15. dxe5 Nxe5 16. Bb2 Ne3 17. fxe3 Nxd3 18. Bxd3 Bxd3 19. Rf2 Rae8 20. Nf3 Bg6 21. Qd2 Re7 22. Re1 Rfe8 23. Rfe2 Bh5 24. Rf1 a6 25. Ree1 Bxf3 26. Rxf3 Re4 27. Ref1 Bg5 28. Re1 Qe7 29. Bc1 Qe5 30. Qd3 Bf6 31. Bd2 Be7 32. Ref1 Bd6 33. g3 h5 34. Rf5 Qe6 35. Rxh5 Qg4 36. Rh4 Qg6 37. Kg2 R8e6 38. Rxe4 Rxe4 39. Qe2 Re6 40. Qf3 Rf6 41. Qe2 Qe4+ 42. Kg1 Rh6 43. Qf3 Qe8 44. Qg4 Rg6 45. Qf3 Rf6 46. Qe2 Rh6 47. Qf3 Qe6 48. Qf5 Qe8 49. Qd3 Qh5 50. Rf2 Bxg3 51. Rg2 Bxh2+ 52. Kf1 Qh3 53. Be1 Rf6+ 54. Bf2 Bg3 55. Kg1 Bxf2+ 56. Rxf2 Qg3+ 57. Rg2 Qe1+ 58. Kh2 Rh6# 0-1


[Site "https://www.chess.com"]

[Event "Titled Tuesday Blitz February 15 Early 2022"]
[White "Hamley, Ryan"]
[Black "Csonka, Balazs"]
[WhiteFideId "30959497"]
[BlackFideId "742910"]
[WhiteElo "2398"]
[BlackElo "2404"]
[Result "0-1"]
[Round "10"]
[TimeControl "180+1"]
[Date "2022.02.15"]
[WhiteClock "0:00:43"]
[BlackClock "0:00:16"]

1. d4 Nf6 2. c4 g6 3. Nc3 d5 4. Nf3 Bg7 5. Qb3 dxc4 6. Qxc4 Be6 7. Qa4+ Bd7 8. Qb3 c5 9. e4 cxd4 10. Nxd4 Nc6 11. Be3 Ng4 12. Nxc6 Bxc6 13. Bc4 O-O 14. Rd1 Qc7 15. Bd4 Bxd4 16. Rxd4 Qf4 17. Qc2 Rad8 18. Rxd8 Rxd8 19. h3 Nxf2 20. O-O Rd2 21. Rxf2 Qxf2+ 0-1


[Site "https://www.chess.com"]

[Event "Titled Tuesday Blitz February 15 Early 2022"]
[White "Hess, Robert"]
[Black "Weetik, Vjacheslav"]
[WhiteFideId "2022036"]
[BlackFideId "4153472"]
[WhiteElo "2557"]
[BlackElo "2469"]
[Result "1-0"]
[Round "10"]
[TimeControl "180+1"]
[Date "2022.02.15"]
[WhiteClock "0:01:07"]
[BlackClock "0:00:01"]

1. b3 d5 2. Bb2 Bg4 3. d3 Nd7 4. Nd2 e5 5. h3 Bh5 6. Ngf3 Bd6 7. g4 Bg6 8. e3 Ne7 9. Nh4 c6 10. Qe2 Qa5 11. a3 f6 12. Nxg6 hxg6 13. Bg2 g5 14. b4 Qd8 15. c4 Bc7 16. Rc1 Nf8 17. cxd5 cxd5 18. d4 a6 19. dxe5 Bxe5 20. Bxe5 fxe5 21. Nf3 Nfg6 22. Nxg5 Qd6 23. O-O Nh4 24. f4 O-O 25. f5 e4 26. Qf2 Nhxf5 27. gxf5 Nxf5 28. Qxf5 Rxf5 29. Rxf5 Qg3 30. Kh1 Rf8 31. Rxd5 Qxe3 32. Rcd1 Qxa3 33. Nxe4 Qe3 34. Ng5 Kh8 35. Rd8 Qxg5 36. Rxf8+ Kh7 37. Be4+ 1-0


[Site "https://www.chess.com"]

[Event "Titled Tuesday Blitz February 15 Early 2022"]
[White "Hirneise, Jens"]
[Black "Singh, Ojasva"]
[WhiteFideId "24614734"]
[BlackFideId "25681958"]
[WhiteElo "2323"]
[BlackElo "1741"]
[Result "1-0"]
[Round "10"]
[TimeControl "180+1"]
[Date "2022.02.15"]
[WhiteClock "0:00:25"]
[BlackClock "0:00:11"]

1. c4 Nf6 2. Nc3 c6 3. d4 d5 4. cxd5 cxd5 5. Bf4 Nc6 6. e3 Bf5 7. Rc1 e6 8. Nf3 Bd6 9. Ne5 Bxe5 10. dxe5 Nd7 11. Bb5 O-O 12. Bxc6 bxc6 13. O-O c5 14. Na4 Qa5 15. b3 Rfc8 16. f3 Nb6 17. Nc3 c4 18. Qd2 cxb3 19. axb3 Qb4 20. Ne4 Qxd2 21. Nxd2 Bd3 22. Rfe1 Nd7 23. Kf2 Kf8 24. e4 Rxc1 25. Rxc1 dxe4 26. fxe4 Nb6 27. Ke3 Bb5 28. Rc7 a6 29. Bg5 Rc8 30. Rb7 Nd7 31. Nc4 Nc5 32. Be7+ Ke8 33. Nd6# 1-0


[Site "https://www.chess.com"]

[Event "Titled Tuesday Blitz February 15 Early 2022"]
[White "Hoffmann, Asa"]
[Black "Johnson, Ben"]
[WhiteFideId "2001470"]
[BlackFideId "2010917"]
[WhiteElo "2117"]
[BlackElo "2212"]
[Result "1-0"]
[Round "10"]
[TimeControl "180+1"]
[Date "2022.02.15"]
[WhiteClock "0:01:03"]
[BlackClock "0:00:01"]

1. d4 Nf6 2. Bg5 d5 3. Nd2 c5 4. e3 Nc6 5. c3 e6 6. f4 Be7 7. Ngf3 Ne4 8. Bxe7 Qxe7 9. Nxe4 dxe4 10. Nd2 f5 11. Qh5+ g6 12. Qh6 Bd7 13. O-O-O O-O-O 14. Nc4 Kb8 15. h4 Bc8 16. Be2 b5 17. Ne5 Nxe5 18. dxe5 c4 19. h5 gxh5 20. Bxh5 b4 21. Qf6 Qc5 22. Rd4 bxc3 23. bxc3 Qa3+ 24. Kb1 Qxc3 25. Rxd8 Qb4+ 26. Kc2 Qa4+ 27. Kc1 Qa3+ 28. Kd1 Qa4+ 29. Ke2 Qxa2+ 30. Kf1 Rxd8 31. Qxd8 Qb1+ 32. Qd1 Qb5 33. Kf2 a5 34. Qb1 1-0


[Site "https://www.chess.com"]

[Event "Titled Tuesday Blitz February 15 Early 2022"]
[White "Howell, David W L"]
[Black "Goltseva, Ekaterina"]
[WhiteFideId "410608"]
[BlackFideId "24173770"]
[WhiteElo "2559"]
[BlackElo "2140"]
[Result "1-0"]
[Round "10"]
[TimeControl "180+1"]
[Date "2022.02.15"]
[WhiteClock "0:01:17"]
[BlackClock "0:00:12"]

1. e4 e5 2. Nc3 Nf6 3. d4 exd4 4. Qxd4 Nc6 5. Qd3 Bb4 6. Bd2 O-O 7. O-O-O d6 8. f3 Be6 9. g4 Ne5 10. Qe3 c5 11. g5 Nfd7 12. f4 Nc4 13. Bxc4 Bxc4 14. Nf3 Qa5 15. Be1 Bxc3 16. Bxc3 Qxa2 17. b3 Bb5 18. Rxd6 a5 19. Kd2 a4 20. Ra1 axb3 21. Rxa2 Rxa2 22. Ne1 b2 23. Bxb2 Rxb2 24. h4 Ba4 25. h5 b5 26. h6 Nb6 27. Rxb6 Rd8+ 28. Ke2 Bxc2 29. Qc3 Bd1+ 30. Kf1 Rh2 31. Qxg7# 1-0


[Site "https://www.chess.com"]

[Event "Titled Tuesday Blitz February 15 Early 2022"]
[White "Ianov, Viktor"]
[Black "Arabidze, Meri"]
[WhiteFideId "14102730"]
[BlackFideId "13604040"]
[WhiteElo "2215"]
[BlackElo "2329"]
[Result "0-1"]
[Round "10"]
[TimeControl "180+1"]
[Date "2022.02.15"]
[WhiteClock "0:00:50"]
[BlackClock "0:01:08"]

1. Nf3 d5 2. g3 Nf6 3. Bg2 g6 4. b3 Bg7 5. Bb2 O-O 6. c4 c6 7. O-O a5 8. Nc3 Na6 9. d3 Re8 10. Rc1 e5 11. cxd5 Nxd5 12. Qd2 h6 13. Rfd1 Bg4 14. h3 Be6 15. Kh2 Nab4 16. a3 Na6 17. Qc2 Nxc3 18. Bxc3 Nc5 19. Nd2 a4 20. b4 Nb3 21. Rb1 Nd4 22. Bxd4 exd4 23. Nc4 h5 24. h4 Bg4 25. Re1 Qf6 26. Kg1 Re7 27. Rb2 Rae8 28. Qd1 g5 29. hxg5 Qxg5 30. Qd2 Qg6 31. Qd1 h4 32. Na5 hxg3 33. fxg3 Bh6 34. Nc4 b5 35. Nd2 Be3+ 36. Kf1 Qd6 37. Ne4 Rxe4 0-1


[Site "https://www.chess.com"]

[Event "Titled Tuesday Blitz February 15 Early 2022"]
[White "Indjic, Aleksandar"]
[Black "De Silva, L M S T"]
[WhiteFideId "911925"]
[BlackFideId "9953698"]
[WhiteElo "2616"]
[BlackElo "1631"]
[Result "1-0"]
[Round "10"]
[TimeControl "180+1"]
[Date "2022.02.15"]
[WhiteClock "0:01:08"]
[BlackClock "0:00:54"]

1. e4 e5 2. Nf3 Nc6 3. Bc4 Nf6 4. d3 h6 5. a4 a6 6. O-O d6 7. Nc3 g5 8. a5 Bg4 9. Be3 Bg7 10. Nd5 Nxd5 11. Bxd5 O-O 12. h3 Be6 13. Bxe6 fxe6 14. c3 Ne7 15. d4 Qe8 16. dxe5 dxe5 17. Nd2 Ng6 18. Qb3 Rd8 19. Qxb7 g4 20. hxg4 Nf4 21. Qxa6 Qg6 22. Rfd1 Qxg4 23. Bxf4 Rxf4 24. f3 Qg6 25. Qe2 Bf8 26. b4 Rh4 27. Nf1 Be7 28. Rxd8+ Bxd8 29. Rd1 Bg5 30. g3 Rh3 31. Kg2 Qh5 32. Qc4 Kf7 33. Rd7+ Kf6 34. Qc5 Kg6 35. Qf8 1-0


[Site "https://www.chess.com"]

[Event "Titled Tuesday Blitz February 15 Early 2022"]
[White "Jakubowska, Anna"]
[Black "Bhagwat, Vinod"]
[WhiteFideId "1121952"]
[BlackFideId "5005949"]
[WhiteElo "1924"]
[BlackElo "2115"]
[Result "1-0"]
[Round "10"]
[TimeControl "180+1"]
[Date "2022.02.15"]
[WhiteClock "0:00:43"]
[BlackClock "0:00:10"]

1. e4 e5 2. Nf3 Nc6 3. Bb5 a6 4. Ba4 Nf6 5. O-O Be7 6. d3 b5 7. Bb3 O-O 8. a4 Rb8 9. axb5 axb5 10. Bg5 d6 11. h3 Nd7 12. Bxe7 Nxe7 13. Nc3 Nc5 14. Ba2 b4 15. Nd5 b3 16. Nxe7+ Qxe7 17. cxb3 Be6 18. d4 exd4 19. Qxd4 Nxb3 20. Bxb3 c5 21. Qd2 Rxb3 22. Ra6 Bc4 23. Qxd6 Qxd6 24. Rxd6 Bxf1 25. Kxf1 Rxb2 26. Ne5 Re8 27. f4 f6 28. Nd3 Rb1+ 29. Kf2 Rxe4 30. Nxc5 Rxf4+ 31. Ke3 Rc4 32. Ne6 Kf7 33. Nf4 Rb3+ 34. Nd3 Rc2 35. g4 Rh2 36. Ke4 Re2+ 37. Kf3 Re7 38. Kf4 g5+ 39. Kf3 Ke8 40. Kf2 Rd7 41. Rxd7 1-0


[Site "https://www.chess.com"]

[Event "Titled Tuesday Blitz February 15 Early 2022"]
[White "Janaszak, Dawid"]
[Black "Przybylski, Wojciech"]
[WhiteFideId "1119206"]
[BlackFideId "1117599"]
[WhiteElo "2199"]
[BlackElo "2133"]
[Result "0-1"]
[Round "10"]
[TimeControl "180+1"]
[Date "2022.02.15"]
[WhiteClock "0:00:05"]
[BlackClock "0:00:03"]

1. e4 e5 2. Ne2 Nf6 3. f4 d5 4. fxe5 Nxe4 5. d3 Nc5 6. Be3 Be7 7. Qd2 O-O 8. Nbc3 Nc6 9. d4 Ne6 10. h4 f6 11. exf6 Bxf6 12. g3 Ne7 13. Bh3 c6 14. O-O-O b5 15. Rdf1 a5 16. g4 b4 17. Na4 c5 18. g5 Bxd4 19. Rxf8+ Qxf8 20. Bxe6+ Bxe6 21. Bxd4 cxd4 22. Nxd4 Bg4 23. Nc5 Nc6 24. Nxc6 Qxc5 25. Qxd5+ Qxd5 26. Ne7+ Kh8 27. Nxd5 Bf3 28. Re1 Bxd5 29. h5 Rc8 30. Re5 Bf7 31. h6 Bg6 32. Rxa5 gxh6 33. gxh6 Bxc2 34. Kd2 Bb1 35. a4 bxa3 36. bxa3 Bg6 37. Ra7 Kg8 38. a4 Kf8 39. a5 Rd8+ 40. Ke3 Re8+ 41. Kf4 Re7 42. Ra8+ Kf7 43. a6 Re4+ 44. Kg5 Re5+ 45. Kf4 Rf5+ 46. Kg4 Ra5 47. Ra7+ Kf6 48. Kf4 Ra4+ 49. Ke3 Ra3+ 50. Kd4 Ra5 51. Kc4 Kg5 52. Kb4 Ra1 53. Kb5 Kxh6 54. Re7 Bd3+ 55. Kc5 Rxa6 0-1


[Site "https://www.chess.com"]